 Dungeon Crawl Stone Soup version 0.23-b1-6-ga921848 (webtiles) character file.

Game seed: 13690798049260393018

1885 HoaS the Grappler (level 9, -1/57 HPs)
             Began as a Gargoyle Berserker on Feb 1, 2019.
             Was a Priest of Trog.
             Slain by an orc warrior
             ... wielding a +0 scimitar
              (8 damage)
             ... on level 8 of the Dungeon.
             The game lasted 00:18:31 (5583 turns).

HoaS the Grappler (Gargoyle Berserker)              Turns: 5583, Time: 00:18:32

Health: -1/57      AC: 24    Str: 24    XL:     9   Next: 14%
Magic:  9/9        EV:  7    Int:  8    God:    Trog [***...]
Gold:   374        SH:  0    Dex:  9    Spells: 8/8 levels left

rFire    + . .     SeeInvis .     - Unarmed
rCold    . . .     Gourm    .   (no shield)
rNeg     + . .     Faith    .   y - +0 plate armour
rPois    ∞         Spirit   .   l - +0 helmet
rElec    +         Reflect  .   x - +0 cloak {+Inv}
rCorr    .         Harm     .   d - +1 pair of gloves
MR       +....                  (no boots)
Stlth    ..........             (no amulet)
HPRegen  0.19/turn              h - ring of protection from magic
MPRegen  0.11/turn              f - ring of protection from fire

@: no status effects
A: negative energy resistance 1, electricity resistance, unbreathing,
petrification resistance, rot immunity, AC +6
a: Berserk, Trog's Hand, Renounce Religion, Evoke Invisibility


You were on level 8 of the Dungeon.
You worshipped Trog.
Trog was most pleased with you.
You were not hungry.

You visited 1 branch of the dungeon, and saw 8 of its levels.

You collected 374 gold pieces.

Inventory:

Hand Weapons
 w - a +0 shortbow
Missiles
 g - 118 arrows
 o - 59 bolts
Armour
 d - a +1 pair of gloves (worn)
 l - a +0 helmet (worn)
 x - a +0 cloak of invisibility (worn)
 y - a +0 plate armour (worn)
Jewellery
 f - a ring of protection from fire (right hand)
 h - a ring of protection from magic (left hand)
Wands
 t - a wand of paralysis (10)
 A - a wand of polymorph (7)
Scrolls
 c - 3 scrolls of enchant armour
 v - a scroll of fear
 z - 6 scrolls of remove curse
 B - 4 scrolls of teleportation
 C - a scroll of identify
 E - 2 scrolls of magic mapping
Potions
 a - 2 potions of magic {unknown}
 e - a potion of resistance {unknown}
 i - 2 potions of agility {unknown}
 j - 3 potions of lignification
 k - 2 potions of flight {unknown}
 n - 2 potions of brilliance {unknown}
 p - a potion of heal wounds {unknown}
 q - a potion of ambrosia {unknown}
 r - a potion of invisibility {unknown}
 u - 3 potions of mutation {unknown}
 D - a potion of haste {unknown}
Comestibles
 b - 15 rations
 m - 7 chunks of flesh


   Skills:
 + Level 7.0 Fighting
 + Level 1.7 Bows
 + Level 6.5 Armour
 - Level 1.5 Dodging
 * Level 8.7 Unarmed Combat


You had 8 spell levels left.
You didn't know any spells.
Your spell library was empty.

Dungeon Overview and Level Annotations

Branches:
Dungeon (8/15)             Temple (0/1) D:7
   Lair: D:8-11

Altars:
Dithmenos
Fedhas
Kikubaaqudgha
Nemelex Xobeh
The Shining One


Innate Abilities, Weirdness & Mutations

You are resistant to torment.
Your stone body is resilient. (AC +6)
You are immune to poison.
You resist negative energy. (rN+)
You are resistant to electric shocks. (rElec)
You can survive without breathing.
You are immune to petrification.
You are immune to rotting.


Message History

You hit the orc warrior but do no damage.
You punch the orc warrior.
The orc warrior is lightly wounded.
The orc priest invokes the aid of Beogh against you.
Beogh smites you!
You punch the orc warrior!
The orc warrior is heavily wounded.
The orc warrior barely misses you.
You punch the orc warrior!
The orc warrior is almost dead.
The orc warrior hits you with a +0 scimitar.
You hit the orc warrior but do no damage.
The orc warrior is almost dead.
The orc priest calls down the wrath of Beogh upon you.
Beogh smites you!
* * * LOW HITPOINT WARNING * * *
You closely miss the orc warrior.
The orc warrior is almost dead.
The orc warrior hits you with a +0 scimitar!
You die...

..#.#.##)#)#
#.#.#....#.#
#.#....###.#
#)#....+ #.#
#.#....# #)#
#.#....# ..#
########......#
###
#......'...####
##@#####...#
#o# #...# #o#
#####


#aS #oo #(.. (... .(..# You could see an orc warrior, a worker ant, an orc
priest, an orc wizard, an adder and an orc.

Vanquished Creatures
  Edmund (D:6)
  A water moccasin (D:5)
  A phantom (D:3)
  2 sky beasts
  A necrophage (D:6)
  A centaur (D:7)
  2 bullfrogs
  A water moccasin zombie (D:5)
  A scorpion (D:5)
  A howler monkey (D:4)
  A crimson imp (D:6)
  Crazy Yiuf (D:3)
  2 bullfrog skeletons
  4 orc priests
  10 orc wizards
  A centaur skeleton (D:6)
  2 hounds
  Jessica (D:2)
  2 iguanas (D:7)
  3 worker ants
  A hound zombie (D:6)
  A worker ant zombie (D:7)
  4 gnolls (D:3)
  An adder (D:7)
  3 oozes
  An adder skeleton (D:5)
  3 worms
  2 dart slugs (D:1)
  6 leopard geckos
  16 orcs
  8 giant cockroaches
  5 goblins
  5 hobgoblins
  2 jackals (D:5)
  7 kobolds
  4 quokkas
  A ball python (D:2)
  7 bats
  4 frilled lizards
  A leopard gecko skeleton (D:5)
  7 rats
128 creatures vanquished.

Notes
Turn   | Place    | Note
-------+----------+-------------------------------------------
     0 | D:1      | HoaS the Gargoyle Berserker began the quest for the Orb.
     0 | D:1      | Reached XP level 1. HP: 14/14 MP: 1/1
   170 | D:1      | Reached XP level 2. HP: 13/19 MP: 2/2
   441 | D:1      | Reached XP level 3. HP: 19/23 MP: 3/3
   773 | D:2      | Found a shadowy altar of Dithmenos.
   782 | D:2      | Found a sparkling altar of Nemelex Xobeh.
   824 | D:2      | Noticed Jessica
   835 | D:2      | Killed Jessica
   835 | D:2      | Reached skill level 4 in Unarmed Combat
   835 | D:2      | Reached XP level 4. HP: 29/29 MP: 4/4
  1142 | D:2      | Found a blossoming altar of Fedhas.
  1145 | D:2      | Found a glowing golden altar of the Shining One.
  1334 | D:2      | Reached ** piety under Trog
  1719 | D:3      | Noticed a phantom
  1766 | D:3      | Killed a phantom
  1766 | D:3      | Reached XP level 5. HP: 21/34 MP: 5/5
  1922 | D:3      | Found a runed translucent door.
  1923 | D:3      | Noticed Crazy Yiuf
  2026 | D:3      | Reached skill level 5 in Unarmed Combat
  2031 | D:3      | Reached XP level 6. HP: 22/39 MP: 6/6
  2293 | D:3      | Killed Crazy Yiuf
  2390 | D:4      | Noticed a sky beast
  2415 | D:4      | Killed a sky beast
  2531 | D:4      | Reached skill level 5 in Fighting
  2536 | D:4      | HP: 2/40 [orc priest/divine providence (14)]
  2541 | D:4      | Reached XP level 7. HP: 2/44 MP: 7/7
  2926 | D:4      | Reached skill level 6 in Unarmed Combat
  3287 | D:5      | Entered Level 5 of the Dungeon
  3589 | D:5      | Reached *** piety under Trog
  3760 | D:5      | Found an ancient bone altar of Kikubaaqudgha.
  4091 | D:6      | Noticed Edmund
  4106 | D:5      | Reached skill level 5 in Armour
  4136 | D:5      | Reached skill level 7 in Unarmed Combat
  4136 | D:5      | Reached XP level 8. HP: 30/51 MP: 8/8
  4269 | D:6      | Killed Edmund
  4705 | D:7      | Found a staircase to the Ecumenical Temple.
  4769 | D:7      | Reached skill level 8 in Unarmed Combat
  5058 | D:7      | Reached skill level 1 in Bows
  5065 | D:7      | Reached XP level 9. HP: 41/56 MP: 9/9
  5203 | D:7      | Received a gift from Trog
  5583 | D:8      | Slain by an orc warrior

Skill      XL: |  1  2  3  4  5  6  7  8  9 |
---------------+----------------------------+-----
Unarmed Combat | 4 5 7 8 |  8.7
Armour         | 3 4 5 6 |  6.5
Fighting       | 4 5 6 7 |  7.0
Bows           | 1 |  1.7
Dodging        | |  1.5

Action                   |  1- 3 |  4- 6 |  7- 9 || total
-------------------------+-------+-------+-------++-------
Melee: Unarmed           |    74 |   277 |   395 ||   746
       Punch             |     3 |     3 |     8 ||    14
 Fire: Shortbow          |       |       |    11 ||    11
Invok: Trog's Hand       |       |       |     1 ||     1
  Use: Scroll            |       |     7 |     7 ||    14
       Potion            |       |       |     1 ||     1
  Eat: Chunk             |       |     6 |    10 ||    16
Armor: Ring mail         |    31 |    26 |       ||    57
       Scale mail        |       |    88 |    56 ||   144
       Plate armour      |       |       |   190 ||   190
Dodge: Dodged            |    39 |   138 |   117 ||   294
